[Event "Titled Tuesday Blitz October 26 2021"]
[White "Mamedyarov, Shakhriyar"]
[Black "Martinez Alcantara, Jose Eduardo"]
[WhiteFideId "13401319"]
[BlackFideId "3805662"]
[WhiteElo "2754"]
[BlackElo "2690"]
[Result "1-0"]
[Round "07"]
[TimeControl "180+1"]
[Date "2021.10.26"]
[WhiteClock "0:01:04"]
[BlackClock "0:00:34"]

1. d4 Nf6 2. c4 e6 3. Nc3 Bb4 4. f3 d5 5. a3 Bxc3+ 6. bxc3 c5 7. cxd5 Nxd5 8. dxc5 f5 9. Nh3 Qf6 10. Qd4 Qe7 11. e4 fxe4 12. fxe4 Nf6 13. Bf4 Nc6 14. Bb5 Bd7 15. Bxc6 Bxc6 16. O-O Nxe4 17. Bd6 e5 18. Qxe4 Bxe4 19. Bxe7 Kxe7 20. Rae1 Bg6 21. Rxe5+ Kd7 22. Rd1+ Kc7 23. Re7+ Kc6 24. Nf4 Rad8 25. Rxd8 Rxd8 26. Nxg6 hxg6 27. Rxg7 Rd3 28. h4 Rxc3 29. Rxg6+ Kxc5 30. h5 Kb5 31. h6 Rc7 32. Rg7 1-0


[Site "https://www.chess.com"]

[Event "Titled Tuesday Blitz October 26 2021"]
[White "Moroni, Luca Jr"]
[Black "Aloma Vidal, Robert"]
[WhiteFideId "865834"]
[BlackFideId "2260409"]
[WhiteElo "2491"]
[BlackElo "2435"]
[Result "1-0"]
[Round "07"]
[TimeControl "180+1"]
[Date "2021.10.26"]
[WhiteClock "0:00:28"]
[BlackClock "0:00:20"]

1. d4 d5 2. c4 c6 3. Nc3 Nf6 4. Nf3 e6 5. Bg5 Nbd7 6. e3 h6 7. Bh4 g5 8. Bg3 Nh5 9. cxd5 exd5 10. Bd3 Nxg3 11. hxg3 Bg7 12. Bf5 Qe7 13. Qd3 Nb6 14. Bxc8 Nxc8 15. O-O-O Nd6 16. Kb1 O-O-O 17. Qc2 Kb8 18. Ne1 f5 19. Nd3 Ne4 20. Nxe4 dxe4 21. Nc5 Rhe8 22. Qb3 Ka8 23. Rc1 f4 24. gxf4 gxf4 25. Rh5 fxe3 26. fxe3 Bf6 27. Rxh6 Bg5 28. Re6 Qh7 29. a3 b6 30. Rxe8 Rxe8 31. Ne6 Bxe3 32. Rxc6 Bd2 33. Nc7+ Kb7 34. Nxe8 Kxc6 35. Qc2+ Kb7 36. Nd6+ 1-0


[Site "https://www.chess.com"]

[Event "Titled Tuesday Blitz October 26 2021"]
[White "Nakamura, Hikaru"]
[Black "Nesterov, Arseniy"]
[WhiteFideId "2016192"]
[BlackFideId "24198455"]
[WhiteElo "2884"]
[BlackElo "2494"]
[Result "1/2-1/2"]
[Round "07"]
[TimeControl "180+1"]
[Date "2021.10.26"]
[WhiteClock "0:00:19"]
[BlackClock "0:00:06"]

1. Nf3 d5 2. e3 Nf6 3. b3 Bf5 4. Bb2 e6 5. g3 Be7 6. Bg2 h6 7. O-O O-O 8. d3 c6 9. Ne5 Nbd7 10. Nxd7 Nxd7 11. Nd2 Bf6 12. d4 e5 13. c3 Re8 14. Re1 Bg6 15. f4 exf4 16. exf4 Rxe1+ 17. Qxe1 Bf5 18. h3 Nf8 19. g4 Bd7 20. f5 Qc7 21. Nf3 Re8 22. Qf2 Nh7 23. Re1 Ng5 24. Nd2 Rxe1+ 25. Qxe1 Qf4 26. Bc1 c5 27. Ne4 Nxh3+ 28. Kh1 Qxg4 29. Nxf6+ gxf6 30. Bxd5 Bc6 31. Bxc6 bxc6 32. Bxh6 cxd4 33. cxd4 Kh7 34. Be3 Qxf5 35. d5 Qxd5+ 36. Kh2 Ng5 37. Qe2 a5 38. Kg3 Qe5+ 39. Kf2 Kg7 40. Qg4 Qe6 41. Qxe6 fxe6 42. Bb6 Ne4+ 43. Ke3 Nc3 44. Bxa5 Nxa2 45. Bd2 c5 46. Kd3 f5 47. Kc4 e5 48. Kxc5 Kf6 49. b4 Nxb4 50. Kxb4 f4 51. Kc4 Kf5 52. Kd3 e4+ 53. Ke2 Kg4 54. Kf2 e3+ 55. Bxe3 fxe3+ 56. Kxe3 1/2-1/2


[Site "https://www.chess.com"]

[Event "Titled Tuesday Blitz October 26 2021"]
[White "Nenezic, Marko"]
[Black "Arencibia Monduy, Antonio"]
[WhiteFideId "912123"]
[BlackFideId "3507939"]
[WhiteElo "2484"]
[BlackElo "2569"]
[Result "1-0"]
[Round "07"]
[TimeControl "180+1"]
[Date "2021.10.26"]
[WhiteClock "0:00:17"]
[BlackClock "0:00:06"]

1. d4 Nf6 2. c4 e6 3. Nc3 c5 4. d5 exd5 5. cxd5 d6 6. e4 g6 7. f4 Bg7 8. Bb5+ Bd7 9. e5 dxe5 10. fxe5 Nh5 11. Nf3 O-O 12. O-O Bxb5 13. Nxb5 Nd7 14. g4 Nxe5 15. gxh5 Qb6 16. h6 Bh8 17. Nc3 Rae8 18. Ng5 c4+ 19. Kh1 Nd3 20. Qf3 Re5 21. Bd2 Rf5 22. Qg2 Nf2+ 23. Kg1 Nh3+ 24. Kh1 Nf2+ 25. Kg1 Rxg5 26. Bxg5 Bd4 27. Rxf2 Qxb2 28. Rf1 Qxc3 29. d6 Qd3 30. Be7 1-0


[Site "https://www.chess.com"]

[Event "Titled Tuesday Blitz October 26 2021"]
[White "Nikitenko, Mihail"]
[Black "Erdogdu, Mert"]
[WhiteFideId "13506862"]
[BlackFideId "6301495"]
[WhiteElo "2430"]
[BlackElo "2485"]
[Result "1-0"]
[Round "07"]
[TimeControl "180+1"]
[Date "2021.10.26"]
[WhiteClock "0:02:06"]
[BlackClock "0:00:21"]

1. e4 c5 2. Ne2 Nf6 3. Nbc3 d6 4. g3 Nc6 5. Bg2 e6 6. d3 Be7 7. Be3 O-O 8. h3 d5 9. exd5 exd5 10. d4 cxd4 11. Nxd4 Bb4 12. O-O h6 13. Nce2 Re8 14. c3 Bd6 15. Nf4 Be5 16. Nb3 Be6 17. Qd3 a5 18. Nc5 Bxf4 19. Bxf4 Qb6 20. Be3 Qxb2 21. Rfb1 Qa3 22. Rb3 Ne5 23. Qb5 Qxb3 24. axb3 Bf5 25. Rxa5 Rxa5 26. Qxa5 h5 1-0


[Site "https://www.chess.com"]

[Event "Titled Tuesday Blitz October 26 2021"]
[White "Nozdrachev, Leonid"]
[Black "Yeletsky, Ivan"]
[WhiteFideId "24113433"]
[BlackFideId "24180327"]
[WhiteElo "2124"]
[BlackElo "2352"]
[Result "0-1"]
[Round "07"]
[TimeControl "180+1"]
[Date "2021.10.26"]
[WhiteClock "0:00:05"]
[BlackClock "0:00:08"]

1. e4 Nf6 2. e5 Nd5 3. d4 d6 4. Nf3 dxe5 5. Nxe5 c6 6. Be2 Bf5 7. O-O Nd7 8. c4 Nc7 9. Nf3 g6 10. Nc3 Bg7 11. Nh4 e6 12. Nxf5 exf5 13. Bf3 O-O 14. d5 Ne5 15. dxc6 bxc6 16. Bf4 Qxd1 17. Bxd1 Ne6 18. Bxe5 Bxe5 19. Ba4 Bxc3 20. bxc3 Rac8 21. Rfe1 Nc5 22. Bc2 Rfd8 23. Re5 Ne6 24. Rd1 Rxd1+ 25. Bxd1 Rb8 26. Bb3 c5 27. Rd5 Rb7 28. g3 Kf8 29. Ba4 Ke7 30. Bb5 Rc7 31. a4 Ng5 32. Re5+ Kf6 33. Re8 Ne4 34. Rb8 Nxc3 35. a5 Ne4 36. a6 Nd6 37. Kg2 Rc8 38. Rxc8 Nxc8 39. f4 Nd6 40. Kf3 Ke7 41. Ke3 Kd8 42. Kd3 Kc7 43. h4 Kb6 44. Bd7 h5 45. Kc3 Kxa6 46. Bc6 Kb6 47. Bd5 Kc7 48. Kb3 Kd7 49. Ka4 Ke7 50. Ka5 Ne4 51. Kb5 a6+ 52. Kb6 a5 53. Kxa5 Nxg3 54. Kb6 Ne4 55. Kb5 f6 56. Kc6 g5 57. fxg5 fxg5 58. hxg5 h4 59. g6 Kf6 60. Bxe4 fxe4 61. Kxc5 e3 62. Kd6 e2 63. c5 e1=Q 64. c6 Qe5+ 65. Kd7 Kxg6 66. c7 Qxc7+ 67. Kxc7 h3 0-1


[Site "https://www.chess.com"]

[Event "Titled Tuesday Blitz October 26 2021"]
[White "Ozen, Bahadir"]
[Black "Ghazarian, Kirk"]
[WhiteFideId "6337058"]
[BlackFideId "30908604"]
[WhiteElo "2503"]
[BlackElo "2003"]
[Result "1-0"]
[Round "07"]
[TimeControl "180+1"]
[Date "2021.10.26"]
[WhiteClock "0:00:59"]
[BlackClock "0:00:16"]

1. g3 Nf6 2. Nf3 g6 3. Bg2 Bg7 4. O-O O-O 5. d4 d6 6. Re1 Bg4 7. h3 Bxf3 8. Bxf3 d5 9. c4 c6 10. Nd2 Na6 11. a3 Nc7 12. Bg2 Rb8 13. e3 b5 14. b3 Qd7 15. Qc2 Rfc8 16. Bb2 Ne6 17. cxb5 cxb5 18. Qd3 Nd8 19. Rac1 a6 20. Qb1 Nb7 21. Rxc8+ Rxc8 22. Rc1 e6 23. Bf1 Ne8 24. Rxc8 Qxc8 25. a4 Nbd6 26. axb5 Nxb5 27. Bd3 Bf8 28. Qa1 Bb4 29. Nf3 f6 30. Qa4 Bc3 31. Bxc3 Nxc3 32. Qxa6 Qxa6 33. Bxa6 Kf8 34. Kf1 Ke7 35. Ke1 Nd6 36. Bd3 Kd7 37. Nd2 Kc7 38. Nb1 Nxb1 39. Bxb1 Kb6 40. Kd2 Kc6 41. Bd3 Kb6 42. Kc3 Ka5 43. g4 Nf7 44. h4 Nd6 45. f3 Kb6 46. Kb4 Nf7 47. Bb5 Nd6 48. Bd7 e5 49. Be6 Kc6 50. Bg8 exd4 51. exd4 h6 52. Ka5 g5 53. h5 Nb5 54. Bxd5+ Kxd5 55. Kxb5 Kxd4 56. b4 Ke3 57. Ka5 Kxf3 58. b5 Kxg4 59. b6 Kxh5 60. b7 g4 61. b8=Q g3 62. Qxg3 f5 63. Kb5 f4 64. Qxf4 Kg6 65. Kc4 Kh5 66. Kc3 Kg6 67. Kd2 Kh5 68. Ke2 Kg6 69. Kf2 Kh5 70. Kg2 Kg6 71. Kh2 Kh5 72. Kh3 Kg6 73. Qe4+ Kh5 74. Qg4# 1-0


[Site "https://www.chess.com"]

[Event "Titled Tuesday Blitz October 26 2021"]
[White "Perez Ponsa, Federico"]
[Black "Beerdsen, Thomas"]
[WhiteFideId "117927"]
[BlackFideId "1030108"]
[WhiteElo "2672"]
[BlackElo "2585"]
[Result "0-1"]
[Round "07"]
[TimeControl "180+1"]
[Date "2021.10.26"]
[WhiteClock "0:00:04"]
[BlackClock "0:00:03"]

1. e4 h6 2. d4 g5 3. h4 g4 4. Qxg4 d5 5. Qf3 dxe4 6. Qxe4 Nf6 7. Qd3 Nc6 8. Nf3 Bg4 9. Be2 Qd6 10. Be3 O-O-O 11. Nbd2 Nb4 12. Qb3 Bf5 13. Rc1 Nbd5 14. Nc4 Qe6 15. Nce5 Rg8 16. Rg1 Ng4 17. Nxg4 Bxg4 18. c4 Nxe3 19. Qxe3 Qb6 20. Ne5 Bxe2 21. Qxe2 Qxd4 22. Nxf7 Qf4 23. Qe6+ Kb8 24. Rc2 Rd4 25. g3 Qf3 26. Re2 Qd3 27. Kf1 Rg6 28. Qe3 Qxc4 29. Ne5 Rd1+ 30. Kg2 Qd5+ 31. Kh2 Rxg1 32. Kxg1 Rd6 33. b3 a6 34. Nc4 Rd7 35. a4 Bg7 36. a5 Bd4 37. Qxh6 Qf3 38. Re3 Qd1+ 39. Kg2 Bxe3 40. Nxe3 Qxb3 41. Qf8+ Ka7 42. h5 Qb5 43. h6 Qc6+ 44. Qf3 Qxh6 45. Qg4 Qc6+ 46. Kh2 Rd2 47. Qf4 e5 48. Qf5 Ra2 49. Kh3 Rxa5 50. Qd3 Rc5 51. Kg4 e4 52. Qe2 a5 53. Kh3 a4 54. Qb2 Ra5 55. Qd4+ b6 56. Nc4 Qe6+ 57. Kg2 Rc5 58. Ne3 Qc6 59. Qb4 Ra5 60. Qa3 Ra6 61. g4 Qd6 62. Qc3 a3 63. Nf5 Qc5 64. Qg7 a2 65. Ng3 a1=Q 66. Qf7 Qae5 67. Nf5 e3 68. Nxe3 Ra3 69. g5 Qe4+ 70. Kh2 Rxe3 71. fxe3 Qcc2+ 72. Kg3 Qcg2# 0-1


[Site "https://www.chess.com"]

[Event "Titled Tuesday Blitz October 26 2021"]
[White "Pultinevicius, Paulius"]
[Black "Svane, Rasmus"]
[WhiteFideId "12809390"]
[BlackFideId "4657101"]
[WhiteElo "2467"]
[BlackElo "2643"]
[Result "0-1"]
[Round "07"]
[TimeControl "180+1"]
[Date "2021.10.26"]
[WhiteClock "0:00:01"]
[BlackClock "0:00:30"]

1. d4 Nf6 2. c4 e6 3. Nf3 d5 4. Nc3 a6 5. cxd5 exd5 6. Bg5 Be6 7. Bxf6 Qxf6 8. Qb3 Ra7 9. g3 Bd6 10. h4 h6 11. Bh3 Qd8 12. e4 Bxh3 13. Rxh3 dxe4 14. Nxe4 Qd7 15. Rh1 O-O 16. Kf1 Nc6 17. Kg2 Raa8 18. Rad1 b6 19. Rhe1 Rfe8 20. a3 Rad8 21. Qd5 Ne7 22. Qc4 b5 23. Qd3 Nd5 24. Nc3 Nxc3 25. Qxc3 Qf5 26. Qc6 Qc8 27. Rxe8+ Rxe8 28. Re1 Rd8 29. Re4 Qa8 30. Qc2 Re8 31. d5 Rd8 32. Rd4 Qb7 33. Qe4 Qa8 34. h5 Re8 35. Qg4 Be7 36. Qf4 Qb7 37. Qf5 Qc8 38. Qc2 Qd7 39. Rd3 Qf5 40. Qd2 Qxh5 41. Qe3 Kf8 42. Rc3 Bb4 0-1


[Site "https://www.chess.com"]

[Event "Titled Tuesday Blitz October 26 2021"]
[White "Sanal, Vahap"]
[Black "Schmakel, Sam"]
[WhiteFideId "6300545"]
[BlackFideId "2039311"]
[WhiteElo "2492"]
[BlackElo "2356"]
[Result "0-1"]
[Round "07"]
[TimeControl "180+1"]
[Date "2021.10.26"]
[WhiteClock "0:01:50"]
[BlackClock "0:00:27"]

1. g3 c5 2. c4 g6 3. Bg2 Bg7 4. Nc3 Nc6 5. e3 d6 6. Nge2 Nf6 7. d3 O-O 8. O-O a6 9. b3 Bd7 10. Bb2 Rb8 11. Qd2 b5 12. Rae1 Ne8 13. f4 Nc7 14. e4 Ne6 15. f5 Ned4 16. Nf4 b4 17. Ncd5 e6 18. Ne3 Re8 19. g4 Be5 20. fxg6 hxg6 21. Qf2 Qe7 22. h4 Kg7 23. h5 Rh8 24. Bh3 Rbg8 25. Neg2 gxh5 26. Nxh5+ Kf8 27. Bc1 Ke8 28. Re3 Rh7 29. Rg3 Kd8 30. Re3 Kc7 31. Nf6 Bxf6 32. Qxf6 Qxf6 33. Rxf6 Ne5 34. Rf4 Rxh3 35. Rxh3 Ne2+ 36. Kf1 Nxc1 37. Ne1 Nxa2 38. Ke2 Nc1+ 39. Ke3 Nxb3 40. Nc2 Nxg4+ 41. Ke2 Ne5 42. Rh2 a5 0-1


[Site "https://www.chess.com"]

[Event "Titled Tuesday Blitz October 26 2021"]
[White "Seo, Jung Min"]
[Black "Dorokhin, Mykhailo"]
[WhiteFideId "1734687"]
[BlackFideId "14114178"]
[WhiteElo "2486"]
[BlackElo "2280"]
[Result "0-1"]
[Round "07"]
[TimeControl "180+1"]
[Date "2021.10.26"]
[WhiteClock "0:00:01"]
[BlackClock "0:01:10"]

1. Nf3 d5 2. d4 Nf6 3. c4 e6 4. Nc3 Nbd7 5. cxd5 exd5 6. Bg5 c6 7. e3 Qb6 8. Qc2 Be7 9. Bd3 Nf8 10. Ne5 Ne6 11. Bh4 g6 12. O-O Ng7 13. Na4 Qd8 14. Nc5 Rb8 15. b4 Bf5 16. b5 Bxd3 17. Qxd3 Nf5 18. Bxf6 Bxf6 19. bxc6 Bxe5 20. dxe5 bxc6 21. Rac1 O-O 22. Rc3 Re8 23. f4 d4 24. exd4 Qxd4+ 25. Qxd4 Nxd4 26. Re1 Red8 27. Kf1 Rb2 28. Rd3 Rd5 29. Ne4 Nc2 30. Nf6+ Kg7 31. Rxd5 Nxe1 32. Rd8 Nxg2 33. Rg8+ Kh6 34. f5 Ne3+ 35. Ke1 Nxf5 0-1


[Site "https://www.chess.com"]

[Event "Titled Tuesday Blitz October 26 2021"]
[White "Siva Mahadevan"]
[Black "Iskusnyh, Sergei"]
[WhiteFideId "25043153"]
[BlackFideId "4120027"]
[WhiteElo "2203"]
[BlackElo "2492"]
[Result "1/2-1/2"]
[Round "07"]
[TimeControl "180+1"]
[Date "2021.10.26"]
[WhiteClock "0:00:11"]
[BlackClock "0:00:18"]

1. e4 e6 2. d4 d5 3. Nd2 c5 4. Ngf3 Nc6 5. exd5 exd5 6. Bb5 cxd4 7. Nxd4 Bd7 8. Nxc6 bxc6 9. Bd3 Bd6 10. O-O Ne7 11. c4 O-O 12. Nf3 Bf5 13. Bxf5 Nxf5 14. cxd5 cxd5 15. Qd3 Qd7 16. Rd1 Rad8 17. Bg5 Be7 18. Bxe7 Nxe7 19. Rac1 Rfe8 20. Nd4 Rc8 21. g3 h5 22. h4 Qg4 23. Rxc8 Rxc8 24. Re1 Ng6 25. Kh2 a5 26. b3 Kh8 27. Nf3 f6 28. Qxd5 Rc2 29. Re8+ Kh7 30. Kg1 Rc1+ 31. Re1 Rxe1+ 32. Nxe1 Qe2 33. Ng2 Ne5 34. Nf4 Nf3+ 35. Kg2 Ne1+ 36. Kg1 Nf3+ 37. Kg2 Ne1+ 38. Kg1 Nf3+ 1/2-1/2


[Site "https://www.chess.com"]

[Event "Titled Tuesday Blitz October 26 2021"]
[White "Sorokin, Aleksey"]
[Black "Shkapenko, Pavel"]
[WhiteFideId "24176460"]
[BlackFideId "4151933"]
[WhiteElo "2476"]
[BlackElo "2386"]
[Result "1-0"]
[Round "07"]
[TimeControl "180+1"]
[Date "2021.10.26"]
[WhiteClock "0:01:18"]
[BlackClock "0:00:13"]

1. e4 e5 2. Nf3 Nc6 3. Bb5 Bc5 4. c3 f5 5. d3 fxe4 6. dxe4 Nf6 7. O-O d6 8. Nbd2 O-O 9. b4 Bb6 10. a4 a5 11. Nc4 axb4 12. Nxb6 cxb6 13. cxb4 Bg4 14. Qb3+ Kh8 15. Ng5 Nd4 16. Nf7+ Kg8 17. Nxd8+ Nxb3 18. Bc4+ Kh8 19. Bxb3 Rfxd8 20. Be3 b5 21. axb5 Be2 22. Rfe1 Bxb5 23. f3 Rdc8 24. Be6 Re8 25. Rxa8 Rxa8 26. Rd1 Ne8 27. Bf7 g6 28. Bxe8 Rxe8 29. Rxd6 Bc6 30. Bh6 Kg8 31. Rf6 Bd7 32. Rb6 Bc8 33. Kf2 Kf7 34. Rb5 Re7 35. Bc1 Rc7 36. Be3 Ke6 37. Kg3 Bd7 38. Rxe5+ Kxe5 39. Bf4+ Kd4 40. Bxc7 b5 41. Kf4 Be6 42. g4 Bc4 43. h4 Be2 44. Bb6+ Kc4 45. Bc5 Bd1 46. h5 gxh5 47. gxh5 Be2 48. h6 Bd1 49. Ke3 Bc2 50. f4 Bd1 51. f5 Bh5 52. Kf4 Be8 53. Ke5 Bh5 54. Kf6 Kd3 55. e5 Ke4 56. e6 Bg4 57. e7 Bh5 58. Ke6 1-0


[Site "https://www.chess.com"]

[Event "Titled Tuesday Blitz October 26 2021"]
[White "Srihari L R"]
[Black "Sellitti, Federico"]
[WhiteFideId "46617116"]
[BlackFideId "821829"]
[WhiteElo "2121"]
[BlackElo "2583"]
[Result "0-1"]
[Round "07"]
[TimeControl "180+1"]
[Date "2021.10.26"]
[WhiteClock "0:00:08"]
[BlackClock "0:01:00"]

1. d4 d5 2. c4 Nc6 3. cxd5 Qxd5 4. e3 e5 5. Nc3 Bb4 6. Bd2 Bxc3 7. bxc3 Nf6 8. Qb3 Qd6 9. Nf3 O-O 10. Bb5 e4 11. Ng5 h6 12. Nh3 Bxh3 13. gxh3 Qd7 14. Bf1 Ne7 15. Rg1 b6 16. c4 c5 17. d5 Nf5 18. Bc3 Ne8 19. h4 Nxh4 20. Be2 f6 21. Rg4 Nf3+ 22. Bxf3 exf3 23. Rg3 Qf5 24. Qb1 Qxb1+ 25. Rxb1 Nd6 26. Rg4 Rae8 27. Rc1 Re4 28. Rg3 Rxc4 29. Rxf3 Ne4 30. Bd2 Rxc1+ 31. Bxc1 Nc3 32. d6 Rd8 33. Bb2 Nxa2 34. e4 Rxd6 35. Ke2 Nb4 36. Ra3 a5 37. f4 c4 38. e5 Rd3 39. Ra1 c3 40. Ba3 Rd2+ 41. Kf3 Nc2 42. Rg1 Nxa3 43. exf6 Rd7 0-1


[Site "https://www.chess.com"]

[Event "Titled Tuesday Blitz October 26 2021"]
[White "Tregubov, Pavel V."]
[Black "Obolenskikh, Dmitry"]
[WhiteFideId "4115341"]
[BlackFideId "4156013"]
[WhiteElo "2423"]
[BlackElo "2541"]
[Result "0-1"]
[Round "07"]
[TimeControl "180+1"]
[Date "2021.10.26"]
[WhiteClock "0:01:07"]
[BlackClock "0:00:56"]

1. e4 e5 2. Nf3 Nc6 3. Bb5 a6 4. Ba4 Nf6 5. d4 exd4 6. O-O Nxe4 7. Re1 d5 8. Nxd4 Bd6 9. Nxc6 Bxh2+ 10. Kh1 Qh4 11. Rxe4+ dxe4 12. Qd8+ Qxd8 13. Nxd8+ Kxd8 14. Kxh2 Be6 15. Bf4 b5 16. Bb3 Bxb3 17. axb3 f5 18. Nc3 c6 19. Rd1+ Ke7 20. Rd6 Rac8 21. Ne2 Rhd8 22. Rxd8 Kxd8 23. Nd4 g6 24. Ne6+ Ke7 25. Nc5 a5 26. Kg3 Kf6 27. Bd2 Ra8 28. Kf4 g5+ 29. Ke3 a4 30. Bc3+ Kg6 31. bxa4 bxa4 32. Bb4 h5 33. c3 h4 34. Nd7 Re8 35. Nb6 f4+ 36. Ke2 g4 37. Kf1 h3 38. gxh3 gxh3 39. Bd6 Kf5 40. Nc4 Rg8 0-1


[Site "https://www.chess.com"]

[Event "Titled Tuesday Blitz October 26 2021"]
[White "Vlachos, Anatole"]
[Black "Indjic, Aleksandar"]
[WhiteFideId "26093189"]
[BlackFideId "911925"]
[WhiteElo "2350"]
[BlackElo "2643"]
[Result "1-0"]
[Round "07"]
[TimeControl "180+1"]
[Date "2021.10.26"]
[WhiteClock "0:00:02"]
[BlackClock "0:00:01"]

1. e4 c5 2. Nf3 Nc6 3. d4 cxd4 4. Nxd4 e6 5. Nc3 d6 6. Be3 Bd7 7. Be2 Nf6 8. O-O Nxd4 9. Bxd4 Bc6 10. Bd3 Be7 11. f4 Qa5 12. Kh1 Qb4 13. Bg1 Qxb2 14. Nb5 Bxb5 15. Rb1 Qxb1 16. Qxb1 Bc6 17. e5 dxe5 18. fxe5 Nd7 19. Bd4 O-O 20. c3 g6 21. Qc1 Rad8 22. Qh6 Nc5 23. Bc2 Ne4 24. Qe3 Bg5 25. Qe2 Rxd4 26. cxd4 Nc3 27. Qf2 Be7 28. Qf4 Nd5 29. Qh6 a5 30. h4 Rc8 31. Be4 Bf8 32. Qg5 Bg7 33. h5 h6 34. Qg3 g5 35. Bb1 Nc3 36. Bc2 Ne2 37. Qd3 Nf4 38. Qh7+ Kf8 39. Rf2 Bd5 40. Kh2 Rc3 41. g3 1-0


[Site "https://www.chess.com"]

[Event "Titled Tuesday Blitz October 26 2021"]
[White "Yaksin, Oleg"]
[Black "Samadov, Read"]
[WhiteFideId "24105880"]
[BlackFideId "13417444"]
[WhiteElo "2256"]
[BlackElo "2084"]
[Result "0-1"]
[Round "07"]
[TimeControl "180+1"]
[Date "2021.10.26"]
[WhiteClock "0:00:04"]
[BlackClock "0:00:27"]

1. d4 Nf6 2. c4 e6 3. g3 d5 4. Nf3 Bb4+ 5. Bd2 Be7 6. Bg2 O-O 7. O-O c6 8. Qc2 b6 9. Bf4 Ba6 10. b3 Nbd7 11. Nc3 dxc4 12. Rfd1 Rc8 13. Nd2 b5 14. bxc4 bxc4 15. Qa4 Bb5 16. Nxb5 Nb6 17. Qxa7 cxb5 18. Bb7 c3 19. Nb3 Rc4 20. Ba6 c2 21. Rdc1 Ba3 22. Bxb5 Bxc1 23. Rxc1 Rc8 24. Bd3 Ra8 25. Qb7 Nbd5 26. Rxc2 Nxf4 27. gxf4 Nd5 28. e3 Rb8 29. Qa7 Nb4 30. Rd2 Ra8 31. Qb7 Nxd3 32. Rxd3 Rxa2 33. Nc5 Qh4 34. Qf3 Rb8 35. Rb3 Rxb3 36. Nxb3 h5 37. Kg2 g6 38. Nc5 Kg7 39. Ne4 Qd8 40. Ng3 h4 41. Ne4 Qd5 42. h3 Rc2 43. Ng5 Qc4 44. Qg4 Rc1 45. Qxh4 Qf1+ 46. Kg3 Qg1+ 47. Kf3 Qh1+ 48. Ke2 Qd1# 0-1


[Site "https://www.chess.com"]

[Event "Titled Tuesday Blitz October 26 2021"]
[White "Yoo, Christopher Woojin"]
[Black "Kobalia, Mikhail"]
[WhiteFideId "30909694"]
[BlackFideId "4119150"]
[WhiteElo "2105"]
[BlackElo "2590"]
[Result "0-1"]
[Round "07"]
[TimeControl "180+1"]
[Date "2021.10.26"]
[WhiteClock "0:00:01"]
[BlackClock "0:00:20"]

1. e4 c6 2. Nf3 d5 3. d3 dxe4 4. dxe4 Qxd1+ 5. Kxd1 Nf6 6. Nbd2 g6 7. Ne1 Bg7 8. Nd3 O-O 9. f3 b6 10. c3 Nbd7 11. a4 Ne8 12. a5 b5 13. Nb3 Nc7 14. Be3 Ne6 15. Kc2 a6 16. f4 Nf6 17. e5 Nd5 18. Bd2 f6 19. Be2 fxe5 20. fxe5 Nef4 21. Rae1 Nxg2 22. Reg1 Ngf4 23. Nxf4 Nxf4 24. Bg4 Bxg4 25. Rxg4 Ne6 26. h4 Rf2 27. h5 g5 28. h6 Bh8 29. Nd4 Kf7 30. Nxc6 Rc8 31. Nb4 Rd8 32. Nd3 Rf3 33. Nb4 Bxe5 34. Bxg5 Rg8 35. Rhg1 Rf2+ 36. Kb1 Bh2 37. R1g2 Rxg2 38. Rxg2 Bf4 39. Bxf4 Rxg2 40. Be5 Rg5 0-1


[Site "https://www.chess.com"]

[Event "Titled Tuesday Blitz October 26 2021"]
[White "Zierk, Steven"]
[Black "Gupta, Abhijeet"]
[WhiteFideId "2034255"]
[BlackFideId "5010608"]
[WhiteElo "2494"]
[BlackElo "2549"]
[Result "1-0"]
[Round "07"]
[TimeControl "180+1"]
[Date "2021.10.26"]
[WhiteClock "0:00:14"]
[BlackClock "0:00:09"]

1. e4 c5 2. Nf3 d6 3. d4 cxd4 4. Nxd4 Nf6 5. Nc3 Nc6 6. Bg5 e6 7. Qd2 a6 8. O-O-O Be7 9. f4 Bd7 10. Nf3 b5 11. e5 b4 12. exf6 bxc3 13. Qxc3 gxf6 14. Bh4 d5 15. f5 Rc8 16. fxe6 fxe6 17. Nd4 e5 18. Nxc6 Rxc6 19. Qf3 Qc7 20. Qxd5 Be6 21. Qd2 O-O 22. Bd3 f5 23. Bxe7 Qxe7 24. Kb1 Rb8 25. h4 e4 26. Be2 e3 27. Qd4 Qf7 28. Qxe3 Bxa2+ 29. Ka1 Rxc2 30. Qg3+ Qg6 31. Qxb8+ Kg7 32. Qe5+ Kh6 33. Rd6 Bf7 34. Rxg6+ Bxg6 35. g4 fxg4 36. h5 Bf7 37. Qf6+ 1-0


[Site "https://www.chess.com"]

[Event "Titled Tuesday Blitz October 26 2021"]
[White "Abarca Gonzalez, Nicolas"]
[Black "Vlachos, Anatole"]
[WhiteFideId "3409422"]
[BlackFideId "26093189"]
[WhiteElo "2504"]
[BlackElo "2350"]
[Result "1-0"]
[Round "08"]
[TimeControl "180+1"]
[Date "2021.10.26"]
[WhiteClock "0:00:56"]
[BlackClock "0:00:15"]

1. e4 e5 2. Qh5 Nc6 3. Bc4 g6 4. Qf3 Nf6 5. Ne2 Bg7 6. Nbc3 d6 7. h3 Na5 8. d3 Nxc4 9. dxc4 h6 10. g4 Be6 11. b3 Nd7 12. Be3 a6 13. Ng3 Qh4 14. Nf5 gxf5 15. gxf5 O-O-O 16. fxe6 fxe6 17. O-O-O Rdf8 18. Qg4 Qxg4 19. hxg4 Nf6 20. Rh4 Nh7 21. Rdh1 Ng5 22. Bxg5 hxg5 23. Rxh8 Rxh8 24. Rxh8+ Bxh8 25. Kd2 Kd7 26. Kd3 Bf6 27. b4 c6 28. c5 d5 29. f3 Bd8 30. Na4 Bc7 31. c3 Ke7 32. Nb2 Kd7 33. a4 Ke7 34. a5 Kd7 35. Na4 Ke7 36. Nb2 Kd7 37. Nd1 Ke7 38. Ke3 Kd7 39. Nf2 Bd8 40. Kd3 Ke7 41. Nh3 Kd7 42. Kd2 Bf6 43. Kc2 Kc7 44. Ng1 Kd7 45. Ne2 Kc7 46. Ng3 Kd7 47. Nh5 Bh8 48. Kd3 Kc7 49. Ke2 Kd7 50. Ng3 Bf6 51. Kd3 Kc7 52. exd5 exd5 53. c4 Kd7 54. Nf5 Bd8 55. Nd6 Kc7 56. Nf7 Bf6 57. Ke3 dxc4 58. Nd6 c3 59. Ne8+ Kd7 60. Nxf6+ Ke6 61. Ne4 Kd5 62. Kd3 c2 63. Kxc2 Kc4 64. Nxg5 Kxb4 65. Ne4 Kc4 66. g5 Kd5 67. g6 Ke6 68. Kd3 1-0


[Site "https://www.chess.com"]

[Event "Titled Tuesday Blitz October 26 2021"]
[White "Andreikin, Dmitry"]
[Black "Grischuk, Alexander"]
[WhiteFideId "4158814"]
[BlackFideId "4126025"]
[WhiteElo "2736"]
[BlackElo "2757"]
[Result "1/2-1/2"]
[Round "08"]
[TimeControl "180+1"]
[Date "2021.10.26"]
[WhiteClock "0:00:54"]
[BlackClock "0:00:09"]

1. d4 Nf6 2. c4 e6 3. Nf3 d5 4. g3 Bb4+ 5. Nbd2 dxc4 6. Bg2 b5 7. a3 Bxd2+ 8. Bxd2 Bb7 9. b3 O-O 10. bxc4 bxc4 11. Qc2 Bd5 12. Bg5 c5 13. O-O cxd4 14. Rfd1 d3 15. exd3 cxd3 16. Rxd3 Nbd7 17. Nd4 Rc8 18. Qb2 Qb6 19. Qxb6 axb6 20. Rb1 h6 21. Bxf6 Nxf6 22. h4 Bxg2 23. Kxg2 Nd5 24. Nf5 Rc5 25. Ne3 Nxe3+ 26. Rxe3 b5 27. Reb3 Ra8 28. Rxb5 Rxb5 29. Rxb5 Rxa3 30. Rb7 g6 31. Rc7 Kg7 32. Rb7 Kf6 33. Rc7 Ra8 34. Rb7 Rf8 35. Ra7 Rd8 36. Rb7 Rd5 37. Ra7 g5 38. hxg5+ Rxg5 39. Rb7 h5 40. Kh3 Rg4 41. Rb5 Kg6 42. Rb8 Ra4 43. Rg8+ Kh7 44. Rg5 Kh6 45. Rg8 Re4 46. Kg2 f6 47. Kh3 Kh7 48. Re8 Kg6 49. Kg2 h4 50. gxh4 Rxh4 51. Rxe6 Rg4+ 52. Kf3 Rg5 53. Re4 Rf5+ 54. Kg3 Ra5 55. Rg4+ Kf5 56. Rh4 Kg6 57. Rg4+ Kf5 58. Rh4 Kg6 59. Rg4+ 1/2-1/2


[Site "https://www.chess.com"]